GCL
ST. LOUIS (GCL) CARDINALS @ BALTIMORE (GCL) ORIOLES
07/26/2099
 
TOP OF THE 1ST
St. Louis (GCL) Cardinals batting - Pitching for Baltimore (GCL) Orioles : LHP Ricky Rosario
Pitching: LHP Ricky Rosario
Batting: RHB Steve Chance 0-0: Ground out 5-3 (Groundball, 56, EV 76.9 MPH)
Batting: RHB Benny Glover 0-0: Called Strike
0-1: Ball
1-1: Called Strike
1-2: Strikes out swinging
Batting: LHB Mike Stone 0-0: Ball
1-0: Ball
2-0: Ball
3-0: Base on Balls
Batting: RHB Carl Fure 0-0: SINGLE (Line Drive, 89S, EV 93.1 MPH)
Mike Stone to second
Runner from 2nd tries for 3rd, SAFE, throw by RF made to third
Batting: RHB Alvaro Rodriguez 0-0: Ball
1-0: Ball
2-0: SINGLE (Line Drive, 6D, EV 96.3 MPH)
Mike Stone scores
Carl Fure to second
Runner from 2nd tries for 3rd, SAFE, no throw by CF
Batting: RHB Ben Mountford 0-0: Fly out, F9 (Line Drive, 9, EV 93.8 MPH)
Top of the 1st over - 1 run, 2 hits, 0 errors, 2 left on base; St. Louis (GCL) 1 - Baltimore (GCL) 0
BOTTOM OF THE 1ST
Baltimore (GCL) Orioles batting - Pitching for St. Louis (GCL) Cardinals : RHP Alex Torrez
Pitching: RHP Alex Torrez
Batting: RHB Matt Wilson 0-0: Called Strike
0-1: Called Strike
0-2: SINGLE (Line Drive, 89S, EV 98.8 MPH)
Batting: SHB Mike Martinez 0-0: Ball
1-0: Called Strike
1-1: Fly out, F8 (Flyball, 8RXD, EV 102.5 MPH)
Batting: LHB Ali Perry 0-0: Fielders Choice at 2nd, 5-4 (Groundball, 25, EV 91.9 MPH)
Batting: RHB Eddie Medina 0-0: Fly out, F6 (Popup, 6MS, EV 65.0 MPH)
Bottom of the 1st over - 0 runs, 1 hit, 0 errors, 1 left on base; St. Louis (GCL) 1 - Baltimore (GCL) 0
TOP OF THE 2ND
St. Louis (GCL) Cardinals batting - Pitching for Baltimore (GCL) Orioles : LHP Ricky Rosario
Batting: RHB Dave Parker 0-0: Called Strike
0-1: Fly out, F9 (Flyball, 89M, EV 91.9 MPH)
Batting: SHB Manny Soto 0-0: Called Strike
0-1: Ground out U3 (Groundball, 13, EV 86.9 MPH)
Batting: RHB Dave Herman 0-0: Ball
1-0: Ground out 6-3 (Groundball, 56, EV 87.5 MPH)
Top of the 2nd over - 0 runs, 0 hits, 0 errors, 0 left on base; St. Louis (GCL) 1 - Baltimore (GCL) 0
BOTTOM OF THE 2ND
Baltimore (GCL) Orioles batting - Pitching for St. Louis (GCL) Cardinals : RHP Alex Torrez
Batting: LHB Mark Dunlap 0-0: Ball
1-0: Foul Ball, location: 7LMF
1-1: Fly out, F4 (Popup, 3DF, EV 52.5 MPH)
Batting: RHB Francisco Ferrer 0-0: Called Strike
0-1: Foul Ball, location: 2F
0-2: Strikes out swinging
Batting: SHB Jim Unknown 0-0: Ball
1-0: Ball
2-0: Called Strike
2-1: Foul Ball, location: 2RF
2-2: Strikes out swinging
Bottom of the 2nd over - 0 runs, 0 hits, 0 errors, 0 left on base; St. Louis (GCL) 1 - Baltimore (GCL) 0
TOP OF THE 3RD
St. Louis (GCL) Cardinals batting - Pitching for Baltimore (GCL) Orioles : LHP Ricky Rosario
Batting: RHB Steve Chance 0-0: DOUBLE (Line Drive, 78M, EV 106.9 MPH)
Batting: RHB Benny Glover 0-0: Called Strike
0-1: Fly out, F4 (Popup, 34S, EV 68.8 MPH)
Batting: LHB Mike Stone 0-0: Foul Ball, location: 23F
0-1: Foul Ball, location: 5DF
0-2: Ball
1-2: Ball
2-2: Ground out 5-3 (Groundball, 15, EV 78.8 MPH)
Steve Chance to third
Batting: RHB Carl Fure 0-0: Ground out 6-3 (Groundball, 6, EV 108.8 MPH)
Top of the 3rd over - 0 runs, 1 hit, 0 errors, 1 left on base; St. Louis (GCL) 1 - Baltimore (GCL) 0
BOTTOM OF THE 3RD
Baltimore (GCL) Orioles batting - Pitching for St. Louis (GCL) Cardinals : RHP Alex Torrez
Batting: RHB Danny Santiago 0-0: Fly out, F9 (Flyball, 9, EV 92.5 MPH)
Batting: RHB Jim Unknown 0-0: Called Strike
0-1: Ball
1-1: Swinging Strike
1-2: Fly out, F8 (Flyball, 8RM, EV 92.5 MPH)
Batting: RHB Matt Wilson 0-0: Called Strike
0-1: Ball
1-1: TRIPLE (Line Drive, 8LXD, EV 103.1 MPH)
Batting: SHB Mike Martinez 0-0: Swinging Strike
0-1: Fly out, F9 (Flyball, 89S, EV 95.6 MPH)
Bottom of the 3rd over - 0 runs, 1 hit, 0 errors, 1 left on base; St. Louis (GCL) 1 - Baltimore (GCL) 0
TOP OF THE 4TH
St. Louis (GCL) Cardinals batting - Pitching for Baltimore (GCL) Orioles : LHP Ricky Rosario
Batting: RHB Alvaro Rodriguez 0-0: Ball
1-0: Ball
2-0: SINGLE (Line Drive, 78S, EV 102.5 MPH)
Batting: RHB Ben Mountford 0-0: Bunted foul
0-1: Ball
1-1: Bunt missed!
1-2: Ball
2-2: Foul Ball, location: 3F
2-2: Ball
3-2: SINGLE (Line Drive, 7S, EV 96.3 MPH)
Alvaro Rodriguez to second
Batting: RHB Dave Parker 0-0: Called Strike
0-1: Foul Ball, location: 25F
0-2: Strikes out looking
Batting: SHB Manny Soto 0-0: Called Strike
0-1: Ball
1-1: SINGLE (Groundball, 4MD, EV 100.6 MPH)
Alvaro Rodriguez to third
Ben Mountford to second
Runner from 3rd tries for Home, SAFE, throw by CF to home
Batting: RHB Dave Herman 0-0: SINGLE (Groundball, 56S, EV 73.8 MPH) (infield hit)
Ben Mountford to third
Manny Soto to second
Batting: RHB Steve Chance 0-0: Called Strike
0-1: Foul Ball, location: 2F
0-2: Ball
1-2: Ball
2-2: Ball
3-2: Base on Balls
Ben Mountford scores
Manny Soto to third
Dave Herman to second
Batting: RHB Benny Glover 0-0: Foul Ball, location: 3F
0-1: Ball
1-1: Fielders Choice at 2nd, 4-6 (Groundball, 4, EV 79.4 MPH)
Manny Soto scores
Dave Herman to third
Batting: LHB Mike Stone 0-0: Swinging Strike
0-1: Swinging Strike
0-2: Strikes out swinging wild pitch, reaches first!
Dave Herman scores
Benny Glover to second
Pitching: RHP Mauricio Silva
Batting: RHB Carl Fure 0-0: Ball
1-0: Ball
2-0: Foul Ball, location: 9LDF
2-1: Called Strike
2-2: Foul Ball, location: 9LMF
2-2: Ball
3-2: Strikes out swinging
Top of the 4th over - 4 runs, 4 hits, 0 errors, 2 left on base; St. Louis (GCL) 5 - Baltimore (GCL) 0
BOTTOM OF THE 4TH
Baltimore (GCL) Orioles batting - Pitching for St. Louis (GCL) Cardinals : RHP Alex Torrez
Batting: LHB Ali Perry 0-0: Ball
1-0: Fly out, F7 (Line Drive, 7, EV 105.6 MPH)
Batting: RHB Eddie Medina 0-0: Ball
1-0: Ball
2-0: Swinging Strike
2-1: Called Strike
2-2: Strikes out looking
Batting: LHB Mark Dunlap 0-0: Ball
1-0: Foul Ball, location: 9LMF
1-1: Ball
2-1: Ground out 6-3 (Groundball, P, EV 85.6 MPH)
Bottom of the 4th over - 0 runs, 0 hits, 0 errors, 0 left on base; St. Louis (GCL) 5 - Baltimore (GCL) 0
TOP OF THE 5TH
St. Louis (GCL) Cardinals batting - Pitching for Baltimore (GCL) Orioles : RHP Mauricio Silva
Batting: RHB Alvaro Rodriguez 0-0: Called Strike
0-1: Called Strike
0-2: Ball
1-2: Foul Ball, location: 23FF
1-2: Ground out 1-3 (Groundball, 13S, EV 72.5 MPH)
Batting: RHB Ben Mountford 0-0: Called Strike
0-1: Ball
1-1: Called Strike
1-2: SINGLE (Flyball, 8RS, EV 87.5 MPH)
Batting: RHB Dave Parker 0-0: Foul Ball, location: 2F
0-1: Ball
1-1: Ball
2-1: Fielders Choice at 2nd, U6 (Groundball, 4M, EV 101.3 MPH)
Batting: SHB Manny Soto 0-0: Swinging Strike
0-1: Foul Ball, location: 2F
0-2: Ball
1-2: Fly out, F7 (Flyball, 78M, EV 85.6 MPH)
Top of the 5th over - 0 runs, 1 hit, 0 errors, 1 left on base; St. Louis (GCL) 5 - Baltimore (GCL) 0
BOTTOM OF THE 5TH
Baltimore (GCL) Orioles batting - Pitching for St. Louis (GCL) Cardinals : RHP Alex Torrez
Batting: RHB Francisco Ferrer 0-0: Called Strike
0-1: Ball
1-1: Fly out, F4 (Line Drive, 4, EV 66.9 MPH)
Batting: SHB Jim Unknown 0-0: Ball
1-0: Ball
2-0: Called Strike
2-1: Foul Ball, location: 23F
2-2: Ball
3-2: Base on Balls
Batting: RHB Danny Santiago 0-0: Called Strike
0-1: Ball
1-1: Called Strike
1-2: Ball
2-2: Ball
3-2: Base on Balls
Jim Unknown to second
Batting: RHB Jim Unknown 0-0: Ball
1-0: Ball
2-0: Ball
3-0: Called Strike
3-1: Swinging Strike
3-2: Base on Balls
Jim Unknown to third
Danny Santiago to second
Batting: RHB Matt Wilson 0-0: Ball
1-0: Ball
Wild Pitch!
Jim Unknown scores
Danny Santiago to third
Jim Unknown to second
2-0: Called Strike
2-1: Fly out, F9 (Flyball, 9, EV 93.1 MPH)
Pitching: RHP Jim Unknown
Batting: SHB Mike Martinez 0-0: Called Strike
0-1: Called Strike
0-2: Ball
1-2: Ball
2-2: Ground out 3-1 (Groundball, 34D, EV 97.5 MPH)
Bottom of the 5th over - 1 run, 0 hits, 0 errors, 2 left on base; St. Louis (GCL) 5 - Baltimore (GCL) 1
TOP OF THE 6TH
St. Louis (GCL) Cardinals batting - Pitching for Baltimore (GCL) Orioles : RHP Mauricio Silva
Batting: RHB Dave Herman 0-0: Swinging Strike
0-1: Ball
1-1: Foul Ball, location: 2F
1-2: Ball
2-2: Foul Ball, location: 9LSF
2-2: Ball
3-2: SINGLE (Groundball, 56, EV 87.5 MPH)
Batting: RHB Steve Chance 0-0: Foul Ball, location: 9LMF
0-1: Swinging Strike
0-2: Foul Ball, location: 9LMFF
0-2: Ball
1-2: Strikes out looking
Batting: RHB Benny Glover 0-0: Called Strike
0-1: Fly out, F8 (Flyball, 8RD, EV 99.4 MPH)
Batting: LHB Mike Stone 0-0: Ground out 1-3 (Groundball, 13S, EV 75.6 MPH)
Top of the 6th over - 0 runs, 1 hit, 0 errors, 1 left on base; St. Louis (GCL) 5 - Baltimore (GCL) 1
BOTTOM OF THE 6TH
Baltimore (GCL) Orioles batting - Pitching for St. Louis (GCL) Cardinals : RHP Jim Unknown
Batting: LHB Ali Perry 0-0: Ball
1-0: Called Strike
1-1: Ball
2-1: Ball
3-1: Base on Balls
Batting: RHB Eddie Medina 0-0: Ball
1-0: Ball
2-0: Fielders Choice at 2nd, 1-6 (Groundball, 34S, EV 70.6 MPH)
Batting: LHB Mark Dunlap 0-0: Ball
1-0: Called Strike
1-1: Swinging Strike
1-2: Ball
2-2: Ball
3-2: Strikes out swinging
Batting: RHB Francisco Ferrer 0-0: Foul Ball, location: 2F
0-1: SINGLE (Groundball, 15S, EV 60.6 MPH) (infield hit)
Eddie Medina to second
Batting: SHB Jim Unknown 0-0: Foul Ball, location: 5SF
0-1: Fly out, F8 (Flyball, 8RD, EV 87.5 MPH)
Bottom of the 6th over - 0 runs, 1 hit, 0 errors, 2 left on base; St. Louis (GCL) 5 - Baltimore (GCL) 1
TOP OF THE 7TH
St. Louis (GCL) Cardinals batting - Pitching for Baltimore (GCL) Orioles : RHP Mauricio Silva
Batting: RHB Carl Fure 0-0: Called Strike
0-1: Ball
1-1: Called Strike
1-2: Ground out 4-3 (Groundball, 4, EV 89.4 MPH)
Batting: RHB Alvaro Rodriguez 0-0: Swinging Strike
0-1: Ball
1-1: Foul Ball, location: 2F
1-2: Foul Ball, location: 2RF
1-2: Ball
2-2: Ball
3-2: Strikes out looking
Batting: RHB Ben Mountford 0-0: Called Strike
0-1: Fly out, F7 (Flyball, 7LM, EV 105.0 MPH)
Top of the 7th over - 0 runs, 0 hits, 0 errors, 0 left on base; St. Louis (GCL) 5 - Baltimore (GCL) 1
BOTTOM OF THE 7TH
Baltimore (GCL) Orioles batting - Pitching for St. Louis (GCL) Cardinals : RHP Jim Unknown
Batting: RHB Danny Santiago 0-0: Ball
1-0: Fly out, F2 (Popup, 3SF, EV 84.4 MPH)
Batting: RHB Jim Unknown 0-0: Foul Ball, location: 5DF
0-1: Ball
1-1: Ball
2-1: Called Strike
2-2: Ball
3-2: Strikes out swinging
Batting: RHB Matt Wilson 0-0: Ball
1-0: Swinging Strike
1-1: Fly out, F8 (Line Drive, 8RD, EV 91.9 MPH)
Bottom of the 7th over - 0 runs, 0 hits, 0 errors, 0 left on base; St. Louis (GCL) 5 - Baltimore (GCL) 1
TOP OF THE 8TH
St. Louis (GCL) Cardinals batting - Pitching for Baltimore (GCL) Orioles : RHP Mauricio Silva
Pitching: RHP Tony Martinez
Batting: RHB Dave Parker 0-0: Ball
1-0: Ball
2-0: Foul Ball, location: 9LSF
2-1: Called Strike
2-2: Foul Ball, location: 3FF
2-2: SINGLE (Line Drive, 4M, EV 103.8 MPH)
Batting: SHB Manny Soto 0-0: Swinging Strike
0-1: Ball
1-1: Called Strike
1-2: Strikes out looking
Batting: RHB Dave Herman 0-0: Ball
1-0: Ball
2-0: Called Strike
2-1: Swinging Strike
2-2: Ball
3-2: Foul Ball, location: 9LMFF
3-2: Strikes out swinging
Batting: RHB Steve Chance 0-0: Ball
1-0: Called Strike
1-1: Ball
2-1: Ball
3-1: Called Strike
3-2: Foul Ball, location: 2F
3-2: Foul Ball, location: 9LMF
3-2: Strikes out looking
Top of the 8th over - 0 runs, 1 hit, 0 errors, 1 left on base; St. Louis (GCL) 5 - Baltimore (GCL) 1
BOTTOM OF THE 8TH
Baltimore (GCL) Orioles batting - Pitching for St. Louis (GCL) Cardinals : RHP Jim Unknown
Pitching: LHP Jim Unknown
Batting: SHB Mike Martinez 0-0: Ball
1-0: Called Strike
1-1: Ball
2-1: Swinging Strike
2-2: Foul Ball, location: 9LMF
2-2: Strikes out looking
Batting: LHB Ali Perry 0-0: SINGLE (Groundball, 4MD, EV 97.5 MPH)
Batting: RHB Eddie Medina 0-0: DOUBLE (Line Drive, 9LD, EV 110.0 MPH)
Ali Perry to third
Runner from 3rd tries for Home, SAFE, throw by RF to trailing runner, SAFE at third!
Pinch Hitting: RHB Alejandro Madera 0-0: Ball
1-0: Called Strike
1-1: Swinging Strike
1-2: Strikes out swinging
Batting: RHB Francisco Ferrer 0-0: Foul Ball, location: 9LDF
0-1: Called Strike
0-2: Foul Ball, location: 5DF
0-2: Ball
1-2: Single, Error in OF, E9, batter to second base (Line Drive, 89M, EV 100.0 MPH)
Eddie Medina scores
Batting: SHB Jim Unknown 0-0: Ball
1-0: Called Strike
1-1: Called Strike
1-2: Strikes out swinging
Bottom of the 8th over - 2 runs, 3 hits, 1 error, 1 left on base; St. Louis (GCL) 5 - Baltimore (GCL) 3
TOP OF THE 9TH
St. Louis (GCL) Cardinals batting - Pitching for Baltimore (GCL) Orioles : RHP Tony Martinez
Pitching: RHP Garrett Pettyjohn
Now at 3B: Melvin Paredes
Pinch Hitting: LHB David Fogarty 0-0: Ball
1-0: Ball
2-0: Called Strike
2-1: SINGLE (Groundball, 6MD, EV 96.9 MPH)
Batting: LHB Mike Stone 0-0: SINGLE (Groundball, 6MD, EV 96.9 MPH)
David Fogarty to second
Batting: RHB Jeff Hoffman 0-0: Ball
1-0: Called Strike
1-1: Ball
2-1: Swinging Strike
2-2: Foul Ball, location: 2F
2-2: Ball
3-2: Base on Balls
David Fogarty to third
Mike Stone to second
Pinch Hitting: LHB Greg Whitaker 0-0: Called Strike
0-1: Swinging Strike
0-2: Ball
1-2: Foul Ball, location: 3FF
1-2: Strikes out swinging
Pinch Hitting: SHB Clay Russo 0-0: Called Strike
0-1: Foul Ball, location: 2F
0-2: Foul Ball, location: 3F
0-2: Ball
1-2: Strikes out looking
Batting: RHB Dave Parker 0-0: Ball
1-0: Swinging Strike
1-1: Swinging Strike
1-2: Ball
2-2: Foul Ball, location: 3DF
2-2: Strikes out swinging
Top of the 9th over - 0 runs, 2 hits, 0 errors, 3 left on base; St. Louis (GCL) 5 - Baltimore (GCL) 3
BOTTOM OF THE 9TH
Baltimore (GCL) Orioles batting - Pitching for St. Louis (GCL) Cardinals : LHP Jim Unknown
Now at 3B: Clay Russo
Now at SS: Bobby Howard
Now in LF: Fabian Brown
Now in RF: Jim Snyder
Pinch Hitting: SHB Bob Snyder 0-0: Ground out 1-3 (Groundball, 13S, EV 70.0 MPH)
Pinch Hitting: LHB Luis Diaz 0-0: Called Strike
0-1: Ball
1-1: Ball
2-1: Swinging Strike
2-2: Strikes out swinging
Batting: RHB Matt Wilson 0-0: Fly out, F8 (Line Drive, 8RD, EV 110.6 MPH)
Bottom of the 9th over - 0 runs, 0 hits, 0 errors, 0 left on base; St. Louis (GCL) 5 - Baltimore (GCL) 3
Sunday, May 12th , 2024 - OOTP Baseball 24.11 Build 85